 Dungeon Crawl Stone Soup version 0.30.0-29-ga12c61a403 (webtiles) character file.

Game seed: 13453649621536360378

4918 Tirrikindir the Basher (level 10, -4/67 HPs)
             Began as a Gargoyle Berserker on June 8, 2023.
             Was an Elder of Trog.
             Slain by a yak (11 damage)
             ... on level 9 of the Dungeon.
             The game lasted 00:18:35 (7014 turns).

Tirrikindir the Basher (Gargoyle Berserker)         Turns: 7014, Time: 00:18:35

Health: -4/67      AC: 16    Str: 22    XL:     10   Next: 51%
Magic:  8/8        EV: 13    Int: 13    God:    Trog [****..]
Gold:   428        SH:  0    Dex: 13    Spells: 9/9 levels left

rFire   + . .        D - +5 mace
rCold   . . .        (no shield)
rNeg    + + .        b - +3 leather armour {rF+}
rPois   ∞            (no helmet)
rElec   +            y - +0 cloak {rCorr}
rCorr   +            q - +0 pair of gloves
SInv    .            (no boots)
Will    +....        (no amulet)
Stlth   +            z - +6 ring of intelligence
HPRegen 0.31/turn    A - ring of positive energy
MPRegen 0.11/turn

%: no passive effects
@: on berserk cooldown, slowed, very slow
A: sickness immunity, AC +7, negative energy resistance 1, electricity
resistance, torment resistance 1, petrification resistance, low MP 2,
strong-willed 1, robust 1
a: Renounce Religion, Berserk, Trog's Hand, Brothers in Arms


You were on level 9 of the Dungeon.
You worshipped Trog.
Trog was greatly pleased with you.
You visited 2 branches of the dungeon, and saw 11 of its levels.

You collected 428 gold pieces.

Inventory:

Hand Weapons
 a - a +2 flail of draining
 D - a +5 mace (weapon)
Missiles
 x - 24 poisoned darts (quivered)
Armour
 b - a +3 leather armour of fire resistance (worn)
 d - a +0 tower shield
 h - a scarf of resistance
 q - a +0 pair of gloves (worn)
 y - a +0 cloak of preservation (worn)
Jewellery
 l - a ring of ice
 z - a +6 ring of intelligence (left hand)
 A - a ring of positive energy (right hand)
Wands
 v - a wand of polymorph (9)
Scrolls
 k - 3 scrolls of enchant weapon
 o - 3 scrolls of fog
 s - 2 scrolls of enchant armour
 w - a scroll of blinking
 B - 2 scrolls of torment
 E - a scroll of teleportation {unknown}
Potions
 c - a potion of mutation
 e - a potion of flight
 f - a potion of brilliance
 g - 2 potions of cancellation
 i - 4 potions of curing
 j - 2 potions of haste {unknown}
 m - 2 potions of ambrosia {unknown}
 n - 2 potions of attraction {unknown}
 p - a potion of invisibility {unknown}
 r - 4 potions of might
 t - a potion of lignification {unknown}
 u - 2 potions of heal wounds {unknown}
 C - 2 potions of berserk rage {unknown}


   Skills:
 * Level 6.5 Fighting
 + Level 10.3 Maces & Flails
 - Level 2.0 Throwing
 * Level 5.8 Armour
 + Level 4.5 Dodging
 - Level 6.0 Shields
 + Level 3.8 Evocations


You had 9 spell levels left.
You didn't know any spells.
Your spell library was empty.

Dungeon Overview and Level Annotations

Branches:
Dungeon (10/15)            Temple (1/1) D:6            Lair (0/5) D:9
    Orc: D:9-12

Altars:
Cheibriados
Elyvilon
Fedhas
Gozag
Hepliaklqana
Kikubaaqudgha
Makhleb
Nemelex Xobeh
Okawaru
Qazlal
Ru
Sif Muna
Trog
Uskayaw
Vehumet
Wu Jian
Xom
Yredelemnul
Zin
The Shining One

Shops:
D:9 [=


Innate Abilities, Weirdness & Mutations

You are immune to sickness and miasma.
Your stone body is resilient. (AC +7)
You are immune to poison.
You resist negative energy. (rN+)
You are resistant to electric shocks. (rElec)
You are resistant to unholy torment.
You are immune to petrification.
Your magical capacity is very low. (-20% MP)
You are strong-willed. (Will+)
You are robust. (+10% HP)


Message History

You sock the black bear!
You kill the black bear!
Trog accepts your kill. The wyvern closely misses you.
You barely miss the orc. The orc hits you but does no damage.
The yak gores you but does no damage. The yak barely misses you.
You hit the orc.
The orc is severely wounded.
The wyvern bites you.
You closely miss the orc.
The orc is severely wounded.
The orc barely misses you.
The yak gores you but does no damage. x2
The wyvern bites you.
You thump the orc!
You kill the orc!
Trog accepts your kill. The wyvern bites you. The yak gores you!
The yak gores you.
You sock the yak!
The yak is heavily wounded.
The wyvern closely misses you.
You sock the yak!
The yak is severely wounded.
You are no longer berserk.
You are exhausted.
You feel yourself slow down. The yak completely misses you. The yak gores you.
The wyvern bites you but does no damage.
You sock the yak!
The yak is almost dead.
The wyvern bites you but does no damage.
The yak gores you!
* * * LOW HITPOINT WARNING * * *
The yak closely misses you. The wyvern barely misses you.
Blink to where?
Press: ? - help, Dir - move target
Okay, then.
As you read the scroll of fog, it crumbles to dust.
The scroll dissolves into smoke.
The wyvern bites you.
* * * LOW HITPOINT WARNING * * *
The yak gores you!
You die...

.? .... .. ##....
.## #≈≈≈... ..#
≈≈≈≈≈).. ###+##..
≈≈∩~≈#..
........#≈≈.~≈...
#..§§..§~.~....
####.§§#Y##......
.....§§@YY'......
#.#.####l##......
#.#.####Y# .....
#.#.....y# ....
#..l###..# ...
#..###.# #..# ..
y##..# #y# #..# .
###...##.# #..#
##......y# #..#


You could see an elephant, 3 yaks and a wyvern.

Vanquished Creatures
  Pikel (D:6)
  A wyvern (D:7)
  5 yaks
  A steam dragon (D:8)
  An acid dragon (D:8)
  3 water moccasins (D:6)
  Duvessa (D:6)
  2 ice beasts
  5 black bears
  3 sky beasts
  An ogre (D:5)
  2 centaurs (D:7)
  3 kobold brigands
  Blork the orc (D:6)
  A bullfrog (D:8)
  2 scorpions
  9 wights
  2 killer bees (D:9)
  Dowan (D:6)
  3 howler monkeys
  2 hounds
  3 orc priests (D:7)
  Crazy Yiuf (D:4)
  3 iguanas (D:5)
  Terence (D:3)
  3 orc wizards
  11 gnolls
  3 adders
  2 shadow imps
  A white imp (D:7)
  3 worms
  3 dart slugs
  16 orcs
  2 endoplasms
  4 giant cockroaches
  14 goblins
  10 hobgoblins
  3 jackals (D:3)
  2 quokkas
  5 ball pythons
  2 bats (D:2)
  7 frilled lizards
  19 kobolds
  5 rats
173 creatures vanquished.

Notes
Turn   | Place    | Note
-------+----------+-------------------------------------------
     0 | D:1      | Tirrikindir the Gargoyle Berserker began the quest for the
                  | Orb.
     0 | D:1      | Reached XP level 1. HP: 14/14 MP: 1/1
   375 | D:1      | Reached XP level 2. HP: 19/19 MP: 2/2
   826 | D:2      | Reached ** piety under Trog
   827 | D:2      | Reached XP level 3. HP: 24/24 MP: 3/3
   827 | D:2      | Found a faded altar of an unknown god.
  1998 | D:3      | Reached skill level 1 in Shields
  2027 | D:3      | Reached XP level 4. HP: 28/29 MP: 4/4
  2181 | D:3      | Noticed Terence
  2194 | D:3      | Killed Terence
  2380 | D:3      | Gained mutation: Your magical capacity is low. (-10% MP)
                  | [potion of mutation]
  2380 | D:3      | Gained mutation: You are strong-willed. (Will+) [potion of
                  | mutation]
  2380 | D:3      | Gained mutation: Your magical capacity is very low. (-20%
                  | MP) [potion of mutation]
  2380 | D:3      | Gained mutation: You are robust. (+10% HP) [potion of
                  | mutation]
  2617 | D:4      | Noticed a scorpion
  2624 | D:4      | Killed a scorpion
  2625 | D:4      | Reached skill level 4 in Maces & Flails
  2625 | D:4      | Reached XP level 5. HP: 37/37 MP: 4/4
  2628 | D:4      | Found an ancient bone altar of Kikubaaqudgha.
  3132 | D:4      | Reached skill level 1 in Evocations
  3172 | D:4      | Found a runed translucent door.
  3173 | D:4      | Noticed Crazy Yiuf
  3180 | D:4      | Killed Crazy Yiuf
  3181 | D:4      | Reached XP level 6. HP: 19/42 MP: 4/4
  3598 | D:5      | Entered Level 5 of the Dungeon
  3724 | D:5      | Reached *** piety under Trog
  3725 | D:5      | Reached skill level 5 in Fighting
  3774 | D:5      | Reached XP level 7. HP: 43/48 MP: 5/5
  3778 | D:5      | Found Acunoc's Antique Weapon Boutique.
  3832 | D:5      | Reached skill level 5 in Maces & Flails
  4296 | D:6      | Reached XP level 8. HP: 53/53 MP: 6/6
  4347 | D:6      | Reached skill level 6 in Maces & Flails
  4450 | D:6      | Noticed Duvessa
  4450 | D:6      | Noticed Dowan
  4455 | D:6      | Killed Duvessa
  4457 | D:6      | Killed Dowan
  4470 | D:6      | Found a sparkling altar of Nemelex Xobeh.
  4732 | D:6      | Reached skill level 7 in Maces & Flails
  4870 | D:6      | Noticed Pikel
  4872 | D:6      | Reached skill level 5 in Shields
  4872 | D:6      | Reached XP level 9. HP: 58/59 MP: 7/7
  4883 | D:6      | Killed Pikel
  4884 | D:6      | Reached skill level 8 in Maces & Flails
  4999 | D:6      | Found a staircase to the Ecumenical Temple.
  5005 | Temple   | Entered the Ecumenical Temple
  5446 | D:6      | Noticed Blork the orc
  5455 | D:6      | Killed Blork the orc
  5679 | D:7      | Reached skill level 9 in Maces & Flails
  5697 | D:7      | Reached **** piety under Trog
  5919 | D:7      | Reached skill level 10 in Maces & Flails
  6119 | D:7      | Reached XP level 10. HP: 55/64 MP: 8/8
  6128 | D:7      | Reached skill level 1 in Throwing
  6485 | D:7      | Reached skill level 5 in Armour
  6907 | D:8      | You fall into a shaft and drop 2 floors!
  6907 | D:10     | Entered Level 10 of the Dungeon
  6961 | D:9      | Found a staircase to the Lair.
  6961 | D:9      | Noticed an elephant
  6968 | D:9      | Found Roaraurgh's Armour Shoppe.
  6993 | D:9      | Found Kyf Bono's Jewellery Shop.
  7014 | D:9      | Slain by a yak

Illustrated notes

Levels and vault maps discovered:
D:1:      evilmike_arrival_rings, layout_basic, minivault_26, nicolae_titane
D:2:      layout_basic, ebering_ecumenical_altar_petrified,
          amcnicky_mini_corridor_feature, minmay_pentomino_q4
D:3:      layout_loops_corners, serial_aquarium, aquarium_bridge_straight
          [aquarium_subvault_bridge, aquarium_subvault_wall,
          aquarium_subvault_bridge, aquarium_subvault_window],
          aquarium_window_fake, aquarium_window_1, aquarium_view_2g,
          aquarium_balcony_double_1, aquarium_pool_2, uniq_terence
D:4:      layout_basic, nicolae_kikubaaqudgha_miasma_corner, minmay_hedge_maze,
          uniq_crazy_yiuf_cottage
D:5:      layout_cave_pools, serial_shops, shop,
          hangedman_abyss_or_decor_jellyfish_corner, minmay_ogre_servants
D:6:      layout_basic, nemelex_diamond_rough_becter, temple_statues,
          serial_corexii_hall, corexii_hall_statues_u, chequers_hall_statues_y,
          minmay_tree_intersection, uniq_blork_the_orc, uniq_pikel, uniq_duvessa
D:7:      layout_cave_pools, kennysheep_generic_room_8
D:8:      layout_loops_ring, roderic_malta_cross, grunt_ministairs_10
D:9:      layout_basic, minitemple, david_lair_generic, david_orc_2,
          serial_shops, nicolae_shop_waterfront, shop,
          nicolae_shop_tiny_waterfront, hive_lemuel
D:10:     layout_gridville, lightli_orcish_oven
Temple:   regret_index_temple_chain_breaker

Skill      XL: |  1  2  3  4  5  6  7  8  9 10 |
---------------+-------------------------------+-----
Fighting       | 4 5 6 |  6.5
Shields        | 1 2 3 5 6 |  6.0
Maces & Flails | 4 5 7 10 | 10.3
Armour         | 3 4 5 |  5.8
Dodging        | 2 3 4 |  4.5
Evocations     | 1 2 3 |  3.8
Throwing       | 2 |  2.0

Action                     |  1- 3 |  4- 6 |  7- 9 | 10-12 || total
---------------------------+-------+-------+-------+-------++-------
  Melee: Mace              |   119 |   136 |       |    95 ||   350
         Punch             |     3 |     1 |     3 |     1 ||     8
         Flail             |       |    22 |   287 |     6 ||   315
  Throw: Dart              |       |     2 |     4 |       ||     6
 Invoke: Berserk           |       |     2 |     4 |     2 ||     8
    Use: Scroll            |     3 |     3 |     4 |     2 ||    12
         Potion            |     1 |     1 |     1 |       ||     3
 Armour: Leather armour    |    58 |    85 |   155 |    45 ||   343
  Dodge: Dodged            |    62 |    91 |   178 |    80 ||   411
